 Dungeon Crawl Stone Soup version 0.27.1 (webtiles) character file.

Game seed: 2947147911321731642

660 Qrupt the Ducker (level 7, -11/51 HPs)
             Began as a Djinni Fire Elementalist on Aug 28, 2021.
             Mangled by a wraith (13 damage)
             ... in an ossuary.
             The game lasted 00:23:30 (6634 turns).

Qrupt the Ducker (Djinni Fire Elementalist)         Turns: 6634, Time: 00:23:31

Health: -11/51     AC:  2    Str:  9    XL:     7   Next: 86%
Gold:   162        EV: 13    Int: 23    God:
                   SH:  0    Dex: 13

rFire    + + .     SeeInvis .     - Unarmed
rCold    x . .     Faith    .   (no shield)
rNeg     . . .     Spirit   .   a - +0 robe
rPois    ∞         Reflect  .   (no helmet)
rElec    .         Harm     .   (no cloak)
rCorr    .         Rampage  .   (no gloves)
Will     .....                  (boots unavailable)
Stlth    ++........             (no amulet)
HPRegen  0.17/turn              l - +6 ring of intelligence
MPRegen  0.00/turn              (no ring)

@: flying, hasted and slowed
A: sickness immunity, fire resistance 2, cold vulnerability 1, float, innate
caster, hp casting, extra vitality 1
a: no special abilities


You were in an ossuary.
You visited 1 branch of the dungeon, and saw 5 of its levels.
You also visited: Ossuary.

You collected 162 gold pieces.

Inventory:

Hand Weapons
 u - a +2 short sword of electrocution
Missiles
 h - 2 throwing nets
 o - 8 boomerangs of dispersal
Armour
 a - a +0 robe (worn)
 q - a +1 ring mail of cold resistance
Magical Staves
 s - a staff of poison
Jewellery
 l - a +6 ring of intelligence (left hand)
Wands
 j - a wand of polymorph (8)
 p - a wand of iceblast (20)
Scrolls
 c - a scroll of magic mapping {unknown}
 d - a scroll of immolation {unknown}
 e - a scroll of enchant armour {unknown}
 g - 3 scrolls of enchant weapon
 i - a scroll of silence {unknown}
 k - a scroll of amnesia {unknown}
 n - a scroll of brand weapon {unknown}
 r - a scroll of blinking {unknown}
 w - 4 scrolls of teleportation {unknown}
 y - 2 scrolls of identify
 z - a scroll of fog {unknown}
Potions
 b - 2 potions of might {unknown}
 f - a potion of haste
 m - a potion of ambrosia {unknown}
 t - 2 potions of curing
 v - 3 potions of flight
 x - a potion of lignification {unknown}
 A - a potion of invisibility {unknown}
 B - a potion of degeneration {unknown}


   Skills:
 + Level 3.7 Fighting
 + Level 4.8 Dodging
 - Level 1.5 Stealth
 + Level 3.7 Unarmed Combat
 + Level 3.8 Spellcasting


You couldn't memorise any spells.
You knew the following spells:

 Your Spells              Type           Power      Damage    Failure   Level
a - Foxfire               Conj/Fire      88%        2x1d8     2%          1
b - Conjure Flame         Conj/Fire      22%        6-21      7%          3
c - Inner Flame           Hex/Fire       22%        N/A       7%          3
d - Sticky Flame          Conj/Fire      22%        2d4       22%         4
e - Fireball              Conj/Fire      11%        3d7       52%         5
f - Freeze                Ice            88%        1d10      2%          1
g - Call Imp              Summ           22%        N/A       3%          2
h - Vampiric Draining     Necr           11%        2d7       7%          3
Your spell library was empty.

Dungeon Overview and Level Annotations

Branches:
Dungeon (5/15)            Ossuary (1/1)
 Temple: D:4-7

Altars:
Cheibriados
Makhleb
Xom

Shops:
D:2 (   D:4 !==(


Innate Abilities, Weirdness & Mutations

You are immune to sickness and miasma.
You are immune to poison.
Your flesh is very heat resistant. (rF++)
You are vulnerable to cold. (rC-)
You float through the air rather than walking.
You learn spells naturally, not from books.
Your magical power is your life essence.
You have superior vitality. (+4 HP)


Message History

The wraith is moderately damaged.
The foxfire hits the wraith but does no damage.
The wraith is moderately damaged.
The wraith hits you! The wraith drains your vigour!
You feel yourself slow down.
Casting: Foxfire (safe; 2% risk of failure)
Confirm with . or Enter, or press ? or * to list all spells.
You conjure some foxfire!
The wraith misses you. x2
The foxfire hits the wraith.
The wraith is moderately damaged.
The foxfire hits the wraith but does no damage.
The wraith is moderately damaged.
The wraith hits you!
Casting: Foxfire (safe; 2% risk of failure)
Confirm with . or Enter, or press ? or * to list all spells.
You conjure some foxfire!
The wraith barely misses you. The wraith hits you.
The wraith drains your vigour!
You feel as though you will be slow longer.
The foxfire hits the wraith but does no damage.
The wraith is moderately damaged.
The foxfire hits the wraith but does no damage.
The wraith is moderately damaged.
The wraith barely misses you.
Casting: Foxfire (safe; 2% risk of failure)
Confirm with . or Enter, or press ? or * to list all spells.
You conjure some foxfire!
The wraith misses you. The wraith barely misses you.
The foxfire hits the wraith.
The wraith is moderately damaged.
The foxfire hits the wraith!
The wraith is heavily damaged.
The wraith hits you!
* * * LOW HITPOINT WARNING * * *
The wraith drains your vigour!
You feel as though you will be slow longer.
You feel better. The wraith closely misses you. The wraith hits you!
* * * LOW HITPOINT WARNING * * *
You feel yourself speed up. The wraith hits you!
* * * LOW HITPOINT WARNING * * *
The wraith hits you!
You die...

########################
........................
........................
..####W@###..###..###..#
#. #!'...#.#..#.#..#.#...
#..####..#'#..#'#..#'#..#
#........#.#..#.#..#.#...
#........................
#..####.......###.......#
#..#.'....8...#.#...8....
#..####.......#'#.......#
#.............#.#........


You could see a wraith.

Vanquished Creatures
  An elf zombie (D:5)
  A scorpion (D:5)
  An elf skeleton (D:5)
  A water moccasin skeleton (D:4)
  A bullfrog zombie (D:5)
  An orc priest (D:4)
  A hound (D:5)
  An iguana (D:5)
  2 orc wizards (D:3)
  A scorpion zombie (D:5)
  3 mummies (Ossuary)
  8 adders
  A gnoll (D:4)
  A worm (D:4)
  20 orcs
  7 ball pythons
  4 endoplasms
  3 giant cockroaches
  2 gnoll zombies (Ossuary)
  7 goblins
  8 hobgoblins
  8 jackals
  9 kobolds
  2 quokkas
  4 bats
  3 frilled lizards
  2 goblin zombies (Ossuary)
  A hobgoblin zombie (Ossuary)
  2 kobold zombies (Ossuary)
  An orc zombie (D:5)
  4 rats
111 creatures vanquished.

Vanquished Creatures (collateral kills)
  3 gnolls (D:4)
  An adder (D:4)
  3 orcs (D:4)
  A ball python (D:4)
  A giant cockroach (D:4)
  A goblin (D:4)
10 creatures vanquished.

Vanquished Creatures (others)
  258 foxfires
  A fungus (D:1)
  A plant (D:1)
260 creatures vanquished.

Grand Total: 381 creatures vanquished

Notes
Turn   | Place    | Note
-------+----------+-------------------------------------------
     0 | D:1      | Qrupt the Djinni Fire Elementalist began the quest for the
                  | Orb.
     0 | D:1      | Reached XP level 1. HP: 15/15 MP: 0/0
   358 | D:1      | Reached XP level 2. HP: 21/22 MP: 0/0
   440 | D:1      | Found a faded altar of an unknown god.
   788 | D:2      | Reached skill level 1 in Unarmed Combat
  1013 | D:2      | Reached XP level 3. HP: 5/26 MP: 0/0
  1013 | D:2      | Learned a level 1 spell: Freeze
  1340 | D:2      | Reached skill level 1 in Fighting
  1565 | D:2      | Reached XP level 4. HP: 26/32 MP: 0/0
  1946 | D:2      | Reached skill level 3 in Dodging
  1983 | D:2      | HP: 1/32 [orc (2)]
  2326 | D:2      | Found Kyrch's Antique Weapon Shoppe.
  2790 | D:3      | Found a shimmering altar of Xom.
  2790 | D:3      | Found a shimmering altar of Xom.
  2790 | D:3      | Found a shimmering altar of Xom.
  2790 | D:3      | Found a shimmering altar of Xom.
  2791 | D:3      | Found a shimmering altar of Xom.
  2791 | D:3      | Found a shimmering altar of Xom.
  2944 | D:3      | Reached XP level 5. HP: 38/38 MP: 0/0
  2944 | D:3      | Learned a level 2 spell: Call Imp
  3761 | D:4      | HP: 1/39 [orc priest/divine providence (11)]
  4328 | D:3      | Reached XP level 6. HP: 39/45 MP: 0/0
  4771 | D:4      | Found Medghel's Antique Weapon Shop.
  4814 | D:4      | Reached skill level 4 in Dodging
  5080 | D:4      | Found Zicuc's Jewellery Shop.
  5206 | D:4      | Found Uloarav's Distillery.
  5267 | D:4      | Found Soitus's Jewellery Shop.
  5401 | D:5      | Entered Level 5 of the Dungeon
  5453 | D:5      | Reached XP level 7. HP: 43/50 MP: 0/0
  5453 | D:5      | Learned a level 3 spell: Vampiric Draining
  5546 | D:5      | Found a burning altar of Makhleb.
  5616 | D:5      | Found a snail-covered altar of Cheibriados.
  5927 | D:5      | Found a sand-covered staircase.
  5954 | Ossuary  | Entered an ossuary
  5954 | Ossuary  | Noticed a wraith
  5954 | Ossuary  | Noticed a wraith
  5954 | Ossuary  | Noticed a wraith
  6620 | Ossuary  | Noticed a wraith
  6633 | Ossuary  | HP: 1/51 [wraith (13)]
  6634 | Ossuary  | Mangled by a wraith

Illustrated notes

Levels and vault maps discovered:
D:1:      scummos_arrival_star, layout_rooms,
          shapermc_ecumenical_altar_hornbeckon
D:2:      layout_basic, serial_shops, nicolae_diamond_shop,
          guppyfry_early_orc_mine
D:3:      layout_loops_ring, xom_redecorated, kennysheep_generic_room_2
D:4:      layout_rooms, serial_shops, shop, shop,
          nicolae_shop_temple_entry_statues_fountains, shop, st_stairs_5
D:5:      layout_gridville, amcnicky_altar_gilded,
          mainiacjoe_overflow_cross_hatched, mainiacjoe_overflow_alcove_1,
          minmay_temple_entry_proselytizer, nicolae_ossuary_entry_catacombs,
          nicolae_zen_rock_garden, grunt_ministairs_15
Ossuary:  ossuary_kennysheep_city_of_the_dead

Skill      XL: |  1  2  3  4  5  6 |
---------------+-------------------+-----
Unarmed Combat | 1 2 3 |  3.7
Fighting       | 1 2 3 |  3.7
Dodging        | 3 4 |  4.8
Spellcasting   | 3 |  3.8
Stealth        | |  1.5

Action                   |  1- 3 |  4- 6 |  7- 9 || total
-------------------------+-------+-------+-------++-------
Melee: Unarmed           |    27 |    92 |    23 ||   142
       Punch             |       |     2 |       ||     2
 Cast: Foxfire           |    37 |    56 |    53 ||   146
       Freeze            |       |    31 |       ||    31
       Sticky Flame      |       |     2 |     1 ||     3
       Conjure Flame     |       |     1 |     3 ||     4
       Call Imp          |       |    11 |     2 ||    13
  Use: Potion            |       |     5 |     3 ||     8
       Scroll            |       |     2 |       ||     2
 Stab: Sleeping          |     1 |       |       ||     1
Armor: Robe              |     6 |    23 |     3 ||    32
Dodge: Dodged            |    28 |   110 |    29 ||   167
